 Dungeon Crawl Stone Soup version 0.25.0-37-gb73750e0fb (webtiles) character file.

Game seed: 687144934009350004

9 DocSulfur the Grasshopper (level 2, 0/26 HPs)
             Began as a Naga Warper on July 8, 2020.
             Slain by a hobgoblin
             ... wielding a +0 club
              (1 damage)
             ... on level 1 of the Dungeon.
             The game lasted 00:00:46 (742 turns).

DocSulfur the Grasshopper (Naga Warper)              Turns: 742, Time: 00:00:46

Health: 0/26       AC:  2    Str: 13    XL:     2   Next: 12%
Magic:  5/5        EV:  9    Int: 13    God:
Gold:   17         SH:  0    Dex: 10    Spells: 5/5 levels left

rFire    . . .     SeeInvis +   a - +0 mace
rCold    . . .     Gourm    .   (no shield)
rNeg     . . .     Faith    .   b - +0 leather armour
rPois    +         Spirit   .   (no helmet)
rElec    .         Reflect  .   (no cloak)
rCorr    .         Harm     .   (no gloves)
MR       .....                  (no barding)
Stlth    +.........             (no amulet)
HPRegen  0.08/turn              (no ring)
MPRegen  0.09/turn              (no ring)

@: very slow
A: large, see invisible, deformed body, poison resistance, slowness 2, slow
metabolism 1, spit poison 1, AC +0
a: Spit Poison


You were on level 1 of the Dungeon.
You were not hungry.

You visited 1 branch of the dungeon, and saw 1 of its levels.

You collected 17 gold pieces.

Inventory:

Hand Weapons
 a - a +0 mace (weapon)
Missiles
 e - 5 boomerangs of dispersal (quivered)
Armour
 b - a +0 leather armour (worn)
Scrolls
 d - a scroll of blinking
 g - a scroll of remove curse {unknown}
 h - 2 scrolls of teleportation {unknown}
 j - a scroll of fear {unknown}
Potions
 c - a potion of lignification {unknown}
Comestibles
 f - 3 rations


   Skills:
 + Level 2.2 Fighting
 + Level 2.0 Maces & Flails
 + Level 0.8 Throwing
 + Level 1.2 Armour
 + Level 1.6 Dodging
 + Level 2.0 Spellcasting
   Level 3.0 Translocations


You had 5 spell levels left.
You didn't know any spells.
Your spell library contained the following spells:

 Spells                   Type           Power        Failure   Level  Hunger
 Blink                    Tloc           N/A          14%         2    ###....
 Shroud of Golubria       Chrm/Tloc      #.....       26%         2    ###....
 Gell's Gravitas          Tloc           #.........   28%         3    ####...
 Lesser Beckoning         Tloc           #.........   28%         3    ####...
 Teleport Other           Tloc           #.......     28%         3    ####...
 Passage of Golubria      Tloc           N/A          67%         4    #####..


Dungeon Overview and Level Annotations

Branches:
Dungeon (1/15)

Altars:


Innate Abilities, Weirdness & Mutations

You cannot wear boots.
Your serpentine skin is tough. (AC +0)
You have supernaturally acute eyesight. (SInv)
Armour fits poorly on your strangely shaped body.
Your system is resistant to poisons. (rPois)
You cover ground very slowly.
You have a slow metabolism.
You can spit poison.


Message History

The hobgoblin barely misses you. The hobgoblin hits you with a +0 club.
You barely miss the hobgoblin. The hobgoblin hits you with a +0 club.
The hobgoblin barely misses you. The hobgoblin hits you with a +0 club.
The hobgoblin hits you with a +0 club. The hobgoblin hits you with a +0 club.
The hobgoblin closely misses you. The hobgoblin barely misses you.
The hobgoblin hits you with a +0 club. The hobgoblin hits you.
* * * LOW HITPOINT WARNING * * *
The hobgoblin hits you with a +0 club.
* * * LOW HITPOINT WARNING * * *
The hobgoblin barely misses you.
The hobgoblin hits you but does no damage.
The hobgoblin hits you but does no damage.
The hobgoblin hits you but does no damage.
The hobgoblin barely misses you. The hobgoblin hits you with a +0 club.
* * * LOW HITPOINT WARNING * * *
The hobgoblin barely misses you. The hobgoblin hits you with a +0 club.
You die...

.⌠..........<..........⌠...#
.....................(.....#
.......⌠.........⌠.......[##.....
...⌠.................⌠...###.....
##..........⌠..........### #....g
##'##.............##'### #.....
#..###############..#.# #.....
###......(............#.####.....
.....###...###..@.#####....+.....
..(..###...# ##gg.##....####.....
...........# #...##.#.........##
...........# #...##.#.....###.##
...........# #...##.#.........##
...........####......#.....##..##
...####..............#.#.......##
......+..............#.#.......##
...####..............#.#...(.....


You could see 2 hobgoblins.

Vanquished Creatures
  2 dart slugs (D:1)
  A bat (D:1)
  A kobold (D:1)
  A rat (D:1)
5 creatures vanquished.

Notes
Turn   | Place    | Note
-------+----------+-------------------------------------------
     0 | D:1      | DocSulfur the Naga Warper began the quest for the Orb.
     0 | D:1      | Reached XP level 1. HP: 19/19 MP: 3/3
    30 | D:1      | Reached skill level 1 in Armour
   501 | D:1      | Reached XP level 2. HP: 15/26 MP: 5/5
   735 | D:1      | HP: 1/26 [hobgoblin/+0 club (6)]
   742 | D:1      | HP: 1/26 [hobgoblin/+0 club (1)]
   742 | D:1      | Slain by a hobgoblin

Illustrated notes

Levels and vault maps discovered:
D:1:      dpeg_arrival_water_temple_mockup, layout_basic, serial_rivers,
          chequers_serial_rivers_micro_b, chequers_serial_rivers_micro_a,
          chequers_serial_rivers_micro_b, chequers_serial_rivers_room_b,
          chequers_serial_rivers_micro_a

Skill      XL: |  1 |
---------------+----+-----
Armour         | 1 |  1.2
Fighting       | |  2.2
Maces & Flails | |  2.0
Throwing       | |  0.8
Dodging        | |  1.6
Spellcasting   | |  2.0
Translocations | |  3.0

Action                   || total
-------------------------++-------
Melee: Mace              ||    21
Armor: Leather armour    ||    10
Dodge: Dodged            ||    23
